 Dungeon Crawl Stone Soup version 0.27.0-1-g7a089689b8 (webtiles) character file.

Game seed: 17743319434462220034

1533 101zpm the Shield-Bearer (level 8, 0/48 HPs)
             Began as a Gargoyle Fighter on Aug 10, 2021.
             Slain by a wight (3 damage)
             ... on level 6 of the Dungeon on Aug 11, 2021.
             The game lasted 00:15:36 (5416 turns).

101zpm the Shield-Bearer (Gargoyle Fighter)         Turns: 5416, Time: 00:15:36

Health: 0/48       AC: 20    Str: 21    XL:     8   Next: 85%
Magic:  8/8        EV:  5    Int: 10    God:
Gold:   261        SH: 10    Dex:  9    Spells: 7/7 levels left

rFire    . . .     SeeInvis .   g - +3 short sword (flame)
rCold    . . .     Faith    .   c - +0 kite shield
rNeg     + . .     Spirit   .   f - +0 plate armour
rPois    ∞         Reflect  .   y - +0 helmet
rElec    +         Harm     .   p - +0 cloak
rCorr    .         Rampage  .   (no gloves)
Will     .....                  (no boots)
Stlth    ..........             (no amulet)
HPRegen  0.16/turn              (no ring)
MPRegen  0.11/turn              (no ring)

@: no status effects
A: sickness immunity, AC +5, negative energy resistance 1, electricity
resistance, torment resistance 1, petrification resistance
a: no special abilities


You were on level 6 of the Dungeon.
You visited 2 branches of the dungeon, and saw 7 of its levels.

You collected 261 gold pieces.

Inventory:

Hand Weapons
 a - a +0 flail
 g - a +3 short sword of flaming (weapon)
 k - a +0 dagger
Missiles
 j - 115 stones (quivered)
 B - 21 sling bullets
 C - 10 poisoned darts
Armour
 b - a +0 scale mail
 c - a +0 kite shield (worn)
 f - a +0 plate armour (worn)
 p - a +0 cloak (worn)
 y - a +0 helmet (worn)
Magical Staves
 A - a staff of cold
Jewellery
 t - an amulet of faith
 w - a ring of willpower
Wands
 z - a wand of charming (7)
 F - a wand of polymorph (1)
Scrolls
 e - a scroll of noise {unknown}
 h - 2 scrolls of blinking {unknown}
 i - 5 scrolls of identify {unknown}
 l - a scroll of enchant weapon {unknown}
 m - 2 scrolls of teleportation {unknown}
 n - a scroll of fog {unknown}
 q - a scroll of torment {unknown}
 s - 2 scrolls of enchant armour {unknown}
 D - a scroll of summoning {unknown}
 E - a scroll of vulnerability {unknown}
Potions
 d - 2 potions of might
 o - a potion of ambrosia {unknown}
 r - a potion of heal wounds {unknown}
 u - 2 potions of flight {unknown}
 v - 2 potions of mutation {unknown}
 x - a potion of haste {unknown}
 G - a potion of degeneration {unknown}


   Skills:
 + Level 4.7 Fighting
 + Level 4.4 Short Blades
 * Level 5.6 Maces & Flails
 + Level 0.4 Throwing
 + Level 6.0 Armour
 + Level 1.4 Dodging
 + Level 0.8 Stealth
 + Level 6.0 Shields
 + Level 0.9 Unarmed Combat


You had 7 spell levels left.
You didn't know any spells.
Your spell library contained the following spells:

 Spells                   Type           Power      Damage    Failure   Level
 Freezing Cloud           Conj/Ice/Air   0%         6-21      100%        5
 Simulacrum               Ice/Necr       0%         N/A       100%        6
 Polar Vortex             Ice            0%         N/A       100%        9


Dungeon Overview and Level Annotations

Branches:
Dungeon (6/15)             Temple (1/1) D:4

Altars:
Ashenzari
Cheibriados
Dithmenos
Elyvilon
Fedhas
Gozag
Hepliaklqana
Kikubaaqudgha
Okawaru
Qazlal
Ru
Sif Muna
Trog
Wu Jian
Xom
Yredelemnul

Annotations:
D:5 5 runed translucent doors, FIQ's ghost, novice GnCK
D:6 3 runed translucent doors


Innate Abilities, Weirdness & Mutations

You are immune to sickness and miasma.
Your stone body is resilient. (AC +5)
You are immune to poison.
You resist negative energy. (rN+)
You are resistant to electric shocks. (rElec)
You are resistant to unholy torment.
You are immune to petrification.


Message History

The ice beast hits you but does no damage. x2
Your shield prevents you from hitting the ice beast.
The ice beast is almost dead.
You block the ice beast's attack.
You hit the ice beast.
You melt the ice beast.
The ice beast is almost dead.
The ice beast hits you but does no damage.
You hit the ice beast but do no damage.
The ice beast is almost dead.
The ice beast hits you but does no damage.
You barely miss the ice beast.
The ice beast is almost dead.
The ice beast hits you but does no damage.
You closely miss the ice beast.
The ice beast is almost dead.
The ice beast hits you.
* * * LOW HITPOINT WARNING * * *
The ice beast freezes you.
* * * LOW HITPOINT WARNING * * *
You hit the ice beast but do no damage.
The ice beast is almost dead.
You block the ice beast's attack.
You closely miss the ice beast.
The ice beast is almost dead.
You block the ice beast's attack.
You hit the ice beast.
You melt the ice beast.
You kill the ice beast!
Your Armour skill increases to level 6!
Your Shields skill increases to level 6!
You puncture the wight! You burn the wight.
The wight is heavily damaged.
The wight hits you but does no damage.
You hit the wight but do no damage.
The wight is heavily damaged.
The wight hits you but does no damage.
You puncture the wight! You burn the wight.
You destroy the wight!
You hit the wight but do no damage. The wight hits you but does no damage.
You barely miss the wight. The wight hits you with a +0 flail.
You die...

###...............##
#.....
##..............#
#.Y..
#......#####...#
#... #...#### ##..#
... #..## #..# ..
#..# #..# #... #(##
..## #z# .## #@# #.#
##.# ##


You could see a wight.

Vanquished Creatures
  A water moccasin (D:6)
  2 ice beasts
  A black bear (D:5)
  A centaur (D:6)
  A kobold brigand (D:6)
  Blork the orc (D:6)
  A scorpion (D:5)
  A water moccasin zombie (D:5)
  A water moccasin skeleton (D:5)
  3 killer bees (D:6)
  2 wights (D:6)
  2 hounds
  2 centaur skeletons
  2 jellies
  3 iguanas
  A scorpion zombie (D:5)
  5 orc wizards
  A hound zombie (D:5)
  A howler monkey skeleton (D:4)
  6 adders
  4 worms
  2 dart slugs
  10 orcs
  7 bats
  2 giant cockroaches
  6 goblins
  8 hobgoblins
  2 jackals (D:2)
  11 kobolds
  9 ball pythons
  3 frilled lizards
  8 rats
110 creatures vanquished.

Vanquished Creatures (others)
  A killer bee (D:6)
1 creature vanquished.

Grand Total: 111 creatures vanquished

Notes
Turn   | Place    | Note
-------+----------+-------------------------------------------
     0 | D:1      | 101zpm the Gargoyle Fighter began the quest for the Orb.
     0 | D:1      | Reached XP level 1. HP: 14/14 MP: 1/1
    95 | D:1      | Reached XP level 2. HP: 3/19 MP: 2/2
   482 | D:2      | Reached XP level 3. HP: 21/23 MP: 3/3
   935 | D:1      | Found a faded altar of an unknown god.
   936 | D:1      | Noticed an eye of devastation
   940 | D:1      | Noticed a floating eye
  1038 | D:1      | Noticed a golden eye
  1038 | D:1      | Noticed a great orb of eyes
  1176 | D:1      | Reached XP level 4. HP: 28/28 MP: 4/4
  1412 | D:3      | Noticed an ice beast
  1428 | D:3      | Killed an ice beast
  1429 | D:3      | Reached skill level 1 in Short Blades
  1429 | D:3      | Reached XP level 5. HP: 21/33 MP: 5/5
  2066 | D:4      | Reached XP level 6. HP: 38/38 MP: 6/6
  2484 | D:4      | Found a staircase to the Ecumenical Temple.
  2909 | Temple   | Entered the Ecumenical Temple
  3162 | D:5      | Entered Level 5 of the Dungeon
  3222 | D:5      | Reached skill level 5 in Shields
  3338 | D:5      | Reached XP level 7. HP: 39/43 MP: 7/7
  3711 | D:5      | Found a runed translucent gate.
  3712 | D:5      | Found a runed translucent gate.
  3712 | D:5      | Found a runed translucent gate.
  3714 | D:5      | Noticed FIQ's ghost (novice GnCK)
  3721 | D:5      | Reached skill level 5 in Armour
  3946 | D:5      | Found a runed translucent door.
  3949 | D:5      | Noticed a vampire mosquito
  3950 | D:5      | Found a runed translucent door.
  4666 | D:6      | Reached XP level 8. HP: 45/48 MP: 8/8
  4740 | D:6      | Reached skill level 5 in Maces & Flails
  4750 | D:6      | Reached skill level 1 in Dodging
  4910 | D:6      | Found a runed translucent gate.
  4910 | D:6      | Found a runed translucent gate.
  4910 | D:6      | Found a runed translucent gate.
  4981 | D:6      | Noticed Blork the orc
  4996 | D:6      | Killed Blork the orc
  5408 | D:6      | HP: 2/48 [ice beast (5)]
  5416 | D:6      | Slain by a wight

Illustrated notes

Levels and vault maps discovered:
D:1:      lemuel_arrival_behind_the_door_large, layout_rooms,
          hellmonk_ecumenical_altar_watching_god
D:2:      layout_rooms
D:3:      layout_basic
D:4:      layout_cave_pools, minmay_temple_entry_hall
D:5:      lemuel_insect_pit, layout_basic, gammafunk_ghost_necromancy
D:6:      layout_layer_cave, general_overflow_altar, gammafunk_ghost_icy,
          kennysheep_generic_room_10, uniq_blork_the_orc
Temple:   eino_temple_scatter_basement

Skill      XL: |  1  2  3  4  5  6  7  8 |
---------------+-------------------------+-----
Maces & Flails | 3 4 5 |  5.6
Short Blades   | 1 2 3 4 |  4.4
Armour         | 4 5 6 |  6.0
Shields        | 4 5 6 |  6.0
Fighting       | 4 |  4.7
Dodging        | 1 |  1.4
Throwing       | |  0.4
Stealth        | |  0.8
Unarmed Combat | |  0.9

Action                   |  1- 3 |  4- 6 |  7- 9 || total
-------------------------+-------+-------+-------++-------
Melee: Flail             |    54 |       |       ||    54
       Short sword       |    48 |   136 |   184 ||   368
       Unarmed           |       |       |    25 ||    25
Throw: Stone             |       |    14 |     2 ||    16
 Stab: Confused          |       |       |     1 ||     1
Armor: Scale mail        |    30 |       |       ||    30
       Plate armour      |    47 |    80 |   180 ||   307
       Skin              |       |       |    14 ||    14
Dodge: Dodged            |    25 |    26 |   121 ||   172
Block: Kite shield       |    62 |    77 |    79 ||   218
